AoeStats
← f.bdz

African Clearing

510356428Analyzed
2v2 RM · 23h ago on Sep 30, 2026· 35m 27s· 4 players
Game mode
Random Map
Map size
Medium (4 player)
Population
200
Speed
Normal
Resources
Standard
Victory
Conquest
Starting age
Dark Age
Ending age
Imperial Age
RankedLock teamsTeams togetherTeam positionsShared explorationLock speedFull tech treeHidden civsTurbo modeCheats
Victory
Defeat
🇺🇸 Malay · United States
1172
+14
🇧🇷 Japanese · Brazil
1094
+18
🇫🇷 Burgundians · France
1136
-16
🇫🇷 Huns · France
1134
-16
johnny
6:02 Loom
9:47 Double-Bit Axe
13:35 Feudal Age
14:33 Bow Saw
14:33 Gold Mining
19:18 Castle Age
18:02 Forging
19:05 Gold Shaft Mining
19:24 Scale Barding Armor
20:15 Husbandry
19:42 Cavalier
24:50 Town Watch
33:48 Imperial Age
32:04 Elite Skirmisher
33:02 Padded Archer Armor
35:23 Fletching
tuds
11:04 Loom
14:30 Feudal Age
20:24 Castle Age
19:06 Fletching
19:17 Padded Archer Armor
19:34 Forging
19:30 Scale Barding Armor
21:36 Double-Bit Axe
23:22 Thumb Ring
25:14 Ballistics
28:51 Bloodlines
28:42 Husbandry
31:50 Bow Saw
petey_hs
5:14 Loom
5:31 Loom
13:05 Feudal Age
13:11 Double-Bit Axe
16:02 Town Watch
18:34 Castle Age
16:28 Horse Collar
18:25 Crossbowman
20:41 Squires
22:09 Fletching
22:19 Padded Archer Armor
22:51 Pikeman
26:18 Wheelbarrow
26:04 Murder Holes
29:00 Forging
30:59 Bodkin Arrow
30:56 Arson
34:42 Bow Saw
34:26 Gold Mining
f.bdz
12:59 Loom
15:40 Feudal Age
16:06 Double-Bit Axe
16:42 Fishing Lines
22:36 Castle Age
21:36 Forging
21:26 Scale Mail Armor
22:05 Scale Mail Armor
23:17 Gillnets
24:06 Iron Casting
23:47 Chain Mail Armor
23:22 Arson
23:24 Gambesons
24:38 Chain Mail Armor
24:29 Gold Mining
24:57 Bow Saw
27:07 Squires
30:59 Masonry
31:13 Fletching
31:23 Padded Archer Armor
32:57 Ballistics
33:50 Bodkin Arrow
34:10 Leather Archer Armor
33:24 Elite Skirmisher
34:17 Thumb Ring
Connection lost

Rejoining the realm…

Still unreachable

The connection could not be restored.

Session expired

The server has moved on; the page needs a fresh start.